 Dungeon Crawl Stone Soup version 0.29.1-1-gd02db6906a (webtiles) character file.

Game seed: 2442983481474954266

2 H0rd4k the Charlatan (level 1, 0/15 HPs)
             Began as a Human Artificer on Oct 12, 2022.
             Slain by a ball python (3 damage)
             ... on level 1 of the Dungeon.
             The game lasted 00:00:11 (417 turns).

H0rd4k the Charlatan (Human Artificer)               Turns: 417, Time: 00:00:12

Health: 0/15       AC:  3    Str: 12    XL:     1   Next: 44%
Magic:  1/1        EV: 11    Int: 11    God:
Gold:   8          SH:  0    Dex: 13    Spells: 0/0 levels left

rFire   . . .      SeeInvis .   a - +0 club
rCold   . . .      Faith    .   (no shield)
rNeg    . . .      Spirit   .   b - +0 leather armour
rPois   .          Reflect  .   (no helmet)
rElec   .          Harm     .   (no cloak)
rCorr   .          Rampage  .   (no gloves)
Will    .....                   (no boots)
Stlth   +.........              (no amulet)
HPRegen 0.05/turn               (no ring)
MPRegen 0.07/turn               (no ring)

@: no status effects
A: no striking features
a: no special abilities


You were on level 1 of the Dungeon.
You visited 1 branch of the dungeon, and saw 1 of its levels.

You collected 8 gold pieces.

Inventory:

Hand Weapons
 a - a +0 club (weapon)
Armour
 b - a +0 leather armour (worn)
Wands
 c - a wand of flame (15) (quivered)
 d - a wand of charming (15)
 e - a wand of iceblast (5)
Potions
 f - a potion of brilliance {unknown}


   Skills:
 + Level 1.1 Fighting
 - Level 2.0 Armour
 + Level 1.2 Dodging
 - Level 1.0 Stealth
 - Level 3.0 Evocations


You couldn't memorise any spells.
You didn't know any spells.
Your spell library contained the following spells:

 Spells                   Type           Power      Damage    Failure   Level
 Iskenderun's Battlesphe  Conj           0%         2d6       100%        5
 Iron Shot                Conj/Erth      0%         9d1       100%        6
 Spellforged Servitor     Conj/Summ      0%         N/A       100%        7


Dungeon Overview and Level Annotations

Branches:
Dungeon (1/15)

Altars:


Message History

A ball python comes into view.
The ball python hisses angrily.
There are monsters nearby!
There are monsters nearby!
Found 4 stones and a scroll labelled BIELAMN DUADO.
The kobold barely misses you.
There are monsters nearby!
You hit the kobold but do no damage. The kobold barely misses you.
The kobold completely misses you.
There are monsters nearby!
You hit the ball python.
The ball python is moderately wounded.
The ball python bites you. The ball python closely misses you.
The kobold hits you but does no damage.
The ball python bites you but does no damage.
The ball python barely misses you.
You closely miss the ball python.
The ball python is moderately wounded.
The ball python barely misses you. The ball python grabs you.
The ball python constricts you. The kobold barely misses you.
You hit the kobold but do no damage. The ball python bites you.
The ball python constricts you. The kobold barely misses you.
The ball python bites you. The ball python constricts you.
You escape the ball python's grasp.
The kobold attacks as you move away! The kobold closely misses you.
The ball python attacks as you move away!
The ball python bites you.
You hit the kobold but do no damage. The kobold barely misses you.
The kobold closely misses you.
You closely miss the kobold. The kobold misses you.
You barely miss the kobold. The kobold barely misses you.
You hit the kobold.
The kobold is moderately wounded.
The kobold hits you with a +0 club.
* * * LOW HITPOINT WARNING * * *
The kobold misses you.
You hit the kobold.
You kill the kobold!
The ball python bites you.
You die...

######.#
#......#
#.###### #.#
#.# #.#
###.######## ##
#........... .#
#@#......... .#
###S##########
.#########
#.........#
.#.......#
#.8.....8.#
.+.>.>...+
#...........(
##.......#
#.........##.
#########
......>......#
##.......#
##.............
.'...<...+
##.........#..


You could see a ball python.

Vanquished Creatures
  A bat (D:1)
  A quokka (D:1)
  A kobold (D:1)
3 creatures vanquished.

Notes
Turn   | Place    | Note
-------+----------+-------------------------------------------
     0 | D:1      | H0rd4k the Human Artificer began the quest for the Orb.
     0 | D:1      | Reached XP level 1. HP: 15/15 MP: 1/1
   417 | D:1      | Slain by a ball python

Illustrated notes

Levels and vault maps discovered:
D:1:      minmay_arrival_up_and_down, layout_loops_ring, serial_shops,
          nicolae_shop_waterfront, st_stairs_1

Action                   || total
-------------------------++-------
Melee: Club              ||    28
Armor: Leather armour    ||    15
Dodge: Dodged            ||    27
